 BcadrenCrawl: Boulder Brew version 0.06-240-gf756cca71e (webtiles) character file.

Game seed: 16963870454233379382, levelgen mode: deterministic

2612 gruber the Nimble (level 9, -4/121 HPs) Minotaur Berserker. Began on Aug 13, 2022. Was an Elder of Trog. Slain by a troll (8 damage) ... on level 5 of the Dungeon. The game lasted 00:12:54 (5430 turns).

gruber the Nimble (Minotaur Berserker)              Turns: 5430, Time: 00:12:55

Health: -4/121     AC:  7    Str: 27    XL:     9 ^: 1796
Magic:  8/8        EV: 19    Int:  5    God:    Trog [4* [118]]
Gold:   221        SH:  0    Dex: 15    Spells: 8/8 levels left

rFire    + . .     Slash    x   y - +4 quarterstaff (crush)
rCold    . . .     Pierce   .   (also wielding the above weapon)
rNeg     x . .     Bludgeon .   u - +0 leather armour
rCorr    . . .     Vision   .   D - +2 hat
rPois    .         Gourm    .   (no cloak)
rElec    +         Faith    .   (no gloves)
MR       +....     Spirit   .   (no boots)
HPRegen  0.50/turn Reflect  .   t - amulet of chaos
MPRegen  0.18/turn Harm     .   p - ring of protection from magic Stlth ..........Rnd*Rage +
                                B - ring of the Octopus King {AC+1 EV+1 Str+1 Int+1 Dex+1 Stlth+}

@: berserking, very quick
A: horns, retaliatory headbutt 2, clarity, soft flesh
a: Berserk, Trog's Hand, Brothers in Arms, Renounce Religion


You were on level 5 of the Dungeon.
You worshipped Trog.
Trog was greatly pleased with you.
You were not hungry.

You visited 1 branch of the dungeon, and saw 5 of its levels.

You collected 221 gold pieces.

Inventory:

Weapons
 r - a +3 morningstar of molten steel
 y - a +4 quarterstaff of crushing (weapon)
Armour
 u - a +0 leather armour (worn)
 D - a +2 hat (worn)
Jewellery
 a - an uncursed ring of ice
 l - a cursed ring of fire {(Curse: MR-)}
 p - a ring of protection from magic (left hand)
 t - an amulet of chaos (around neck)
 A - a cursed ring of resist corrosion {(Curse: rC-)}
 B - a ring of the Octopus King (right hand) {AC+1 EV+1 Str+1 Int+1 Dex+1 Stlth+}
   (You took it off an orc on level 4 of the Dungeon)

   [ring of stealth]

   It affects your AC (+1).
   It affects your evasion (+1).
   It affects your strength (+1).
   It affects your intelligence (+1).
   It affects your dexterity (+1).
   It makes you more stealthy.
Wands
 C - a wand of ensnaring (1)
 E - a wand of polymorph (12)
 F - a wand of acid (5)
Scrolls
 e - 4 scrolls of summoning
 i - 2 scrolls of teleportation
 m - 2 scrolls of enchantment
 s - 2 scrolls of magic mapping
 w - 4 scrolls of blinking
 x - a scroll of fear
 z - a scroll of fog
 G - a scroll of bless item
Potions
 d - a potion of resistance
 f - a potion of heal wounds
 h - 2 potions of cancellation
 j - 2 potions of might
 k - a potion of agility
 n - a potion of curing
 v - a potion of cure mutation
Comestibles
 c - 15 rations


   Skills:
 - Level 8.3 Fighting
 - Level 7.0 Maces & Staves
 - Level 8.0 Armour
 * Level 8.6 Dodging


You had 8 spell levels left.
You didn't know any spells.
Your spell library was empty.

Dungeon Overview and Level Annotations

Branches:
Dungeon (5/8)              Temple (0/1) D:4
   Lair: D:5

Altars:
Fedhas Madash
Kikubaaqudgha

Shops:
D:4 (


Innate Abilities, Weirdness & Mutations

You reflexively attack those that strike you in melee with your horns.
Your soft flesh is weak to deep cuts.
Heavy manmade armour will nullify this weakness. (rSlashing-)
You frequently lose your temper in combat.
This godly rage surpasses even clarity. (*Rage)
You possess an exceptional clarity of mind.


Message History

The troll is moderately wounded. (22/34) HP The leopard gecko bites you (1).
The troll barely misses you. The troll claws you (4).
You are lacerated severely!
The troll claws you (7)!
You are lacerated severely!
You eat one of the 16 rations.
That ration really hit the spot!
The leopard gecko bites you (4). The troll bites you (6).
The troll claws you (11)!
You are lacerated severely!
* * * LOW HITPOINT WARNING * * *
The troll claws you (9)!
You are lacerated severely!
* * * LOW HITPOINT WARNING * * *
Unknown command.
Unknown command.
A red film seems to cover your vision as you go berserk!
You feel yourself moving faster!
You feel mighty!
You feel quite a bit more hungry. The leopard gecko bites you (3).
* * * LOW HITPOINT WARNING * * *
The leopard gecko barely misses you. The troll bites you (2).
* * * LOW HITPOINT WARNING * * *
The troll claws you (8)!
You are lacerated severely!
You die...

##########
#........#
#]@l.....####
#..T...<....#
#........##....
#........# .
#........#
#........#
#........#
#....?...#
######.###


You could see a troll and a leopard gecko.

Vanquished Creatures
  A phantom (D:4)
  An orc warrior (D:4)
  A scorpion (D:3)
  A porcupine (D:4)
  3 ogres (D:4)
  3 big kobolds (D:2)
  5 crocodiles (D:2)
  A hornet zombie (D:4)
  5 jellies (D:2)
  2 llaibwcod (D:4)
  Prince Ribbit (D:2)
  3 orc priests (D:4)
  An iguana (D:4)
  4 orc wizards
  2 worker ants (D:3)
  2 wyvern zombies (D:4)
  2 wyvern skeletons (D:4)
  10 giant cockroaches
  A boggart skeleton (D:4)
  A porcupine skeleton (D:3)
  5 adders
  3 gnolls (D:4)
  38 sewer rats
  6 cinder newts
  3 worms
  A howler monkey skeleton (D:5)
  An ooze (D:2)
  A hound skeleton (D:3)
  3 leopard geckos (D:2)
  11 orcs
  2 cinder newt skeletons (D:2)
  2 goblins (D:1)
  2 hobgoblins (D:1)
  6 jackals (D:4)
  2 quokkas
  7 bats
  A bat skeleton (D:2)
  13 kobolds (D:2)
  A kobold skeleton (D:2)
  A leopard gecko skeleton (D:3)
  8 rats
  A giant blowfly (D:2)
  3 withered plants (D:2)
171 creatures vanquished.

Vanquished Creatures (collateral kills)
  An orc priest (D:4)
  2 orc wizards (D:4)
  An orc (D:4)
4 creatures vanquished.

Vanquished Creatures (others)
  A leopard gecko (D:2)
  A bat (D:2)
  A goblin skeleton (D:2)
  A kobold (D:2)
  A giant blowfly (D:4)
  3 slimeheads (D:2)
  157 withered plants (D:2)
165 creatures vanquished.

Grand Total: 340 creatures vanquished

Notes
Turn   | Place    | Note
-------+----------+-------------------------------------------
     0 | D:1      | gruber the Minotaur Berserker began the quest for the Orb.
     0 | D:1      | Reached XP level 1. HP: 19/19 MP: 0/0
    30 | D:1      | Reached XP level 2. HP: 26/26 MP: 1/1
    57 | D:1      | Reached skill level 5 in Maces & Staves
    57 | D:1      | Reached XP level 3. HP: 29/31 MP: 2/2
   310 | D:1      | Received a gift from Trog
   310 | D:1      | Reached XP level 4. HP: 36/39 MP: 3/3
   653 | D:2      | Reached ** piety under Trog
   661 | D:2      | Reached XP level 5. HP: 31/45 MP: 4/4
  1039 | D:2      | Reached skill level 5 in Fighting
  1066 | D:2      | Reached XP level 6. HP: 38/56 MP: 5/5
  1365 | D:2      | Reached *** piety under Trog
  1376 | D:2      | Reached XP level 7. HP: 29/66 MP: 6/6
  1388 | D:2      | Received a gift from Trog
  1425 | D:2      | Found an ancient bone altar of Kikubaaqudgha.
  1603 | D:2      | HP: 5/102 [crocodile (11)]
  1712 | D:2      | Noticed Prince Ribbit
  1725 | D:2      | Killed Prince Ribbit
  2085 | D:2      | Reached skill level 5 in Armour
  2233 | D:2      | Reached XP level 8. HP: 70/74 MP: 7/7
  2559 | D:2      | Gained mutation: You possess an exceptional clarity of
                  | mind. [potion of mutation]
  3173 | D:3      | Reached **** piety under Trog
  3202 | D:3      | Found a blossoming altar of Fedhas.
  3238 | D:3      | Received a gift from Trog
  3653 | D:4      | Reached skill level 5 in Dodging
  4179 | D:4      | Found Ivepn's Antique Weapon Emporium.
  4195 | D:4      | Reached XP level 9. HP: 59/81 MP: 8/8
  4316 | D:4      | Found the ring of the Octopus King {AC+1 EV+1 Str+1 Int+1
                  | Dex+1 Stlth+}
  4381 | D:4      | Reached ***** piety under Trog
  4628 | D:4      | HP: 3/121 [orc wizard/+0 halberd (13)]
  5096 | D:4      | Found a staircase to the Ecumenical Temple.
  5205 | D:4      | Received a gift from Trog
  5389 | D:5      | Entered Level 5 of the Dungeon
  5430 | D:5      | HP: 6/121 [leopard gecko (3)]
  5430 | D:5      | Slain by a troll

Levels and vault maps discovered:
D:1:      nzn_arrival_settlement, layout_loops_ring, first_ration,
          portal_sewer_entry_c
D:2:      layout_sewer, sewer_frog_pond, basic_altar
D:3:      layout_cave_pools, basic_altar
D:4:      layout_stronghold, lemuel_temple_firewalk_a, serial_shops,
          shop_statue, grunt_ogre_cave
D:5:      layout_roguey, lair_entry_dummy, grunt_ministairs_12

Skill      XL: |  1  2  3  4  5  6  7  8  9 |
---------------+----------------------------+-----
Maces & Staves | 4 5 6 7 |  7.0
Fighting       | 5 7 8 |  8.3
Armour         | 6 8 |  8.0
Dodging        | 6 8 |  8.6

Action                   |  1- 3 |  4- 6 |  7- 9 || total
-------------------------+-------+-------+-------++-------
Melee: Mace              |    23 |    90 |     8 ||   121
       Unarmed           |    12 |    58 |    46 ||   116
       Headbutt          |     2 |    20 |    28 ||    50
       Morningstar       |       |       |    80 ||    80
       Quarterstaff      |       |       |   101 ||   101
Invok: Berserk           |       |     4 |    10 ||    14
       Trog's Hand       |       |     1 |     1 ||     2
       Brothers in Arms  |       |       |     1 ||     1
  Use: Potion            |       |       |     1 ||     1
  Eat: Chunk             |       |     3 |    17 ||    20
       Ration            |       |     1 |     1 ||     2
Armor: Animal skin       |     9 |    10 |     3 ||    22
       Leather armour    |       |       |    13 ||    13
Dodge: Dodged            |     7 |    24 |    48 ||    79
